 Dungeon Crawl Stone Soup version 0.31-a0-1611-g890cdf5 (webtiles) character file.

Game seed: 10342093838195517761

417 PidgeyThePirate the Ruffian (level 6, -25/47 HPs)
             Began as a Demonspawn Chaos Knight on Jan 8, 2024.
             Was a Plaything of Xom.
             Killed from afar by an oklob plant (37 damage)
             ... with a splash of acid
             ... on level 3 of the Dungeon.
             The game lasted 00:09:24 (3596 turns).

PidgeyThePirate the Ruffian (DsCK)                  Turns: 3596, Time: 00:09:26

Health: -25/47     AC:  4    Str: 13    XL:     6   Next: 61%
Magic:  6/6        EV: 12    Int: 11    God:    Xom [...*..]
Gold:   149        SH:  8    Dex: 17    Spells: 5/5 levels left

rFire   . .          .
                       - Unarmed
rCold   . . .        (no shield)
rNeg    + . .        h - +1 leather armour {rN+}
rPois   .            (helmet currently unavailable)
rElec   .            (cloak currently unavailable)
rCorr   .            (gloves currently unavailable)
SInv    .            j - melded +0 pair of boots
Will    .....        (no amulet)
Stlth   +            (no ring)
HPRegen 0.27/turn    (no ring)
MPRegen 0.10/turn

%: no passive effects
@: beast-form
A: beast (slay +1), large bone plates 1, powered by death 2, condensation
shield, claws 1, horns 2, agile 1, MP-powered wands
a: Begin Untransformation, Renounce Religion


You were on level 3 of the Dungeon.
You worshipped Xom.
You were a favourite toy of Xom.
You were a hulking beast.
You visited 1 branch of the dungeon, and saw 3 of its levels.

You collected 149 gold pieces.

Inventory:

Missiles
 e - a throwing net (quivered)
Armour
 a - a +2 leather armour
 h - a +1 leather armour of positive energy (worn)
 j - a +0 pair of boots (melded)
Jewellery
 f - a ring of magical power
Talismans
 l - a beast talisman (active)
Scrolls
 b - a scroll of amnesia
 c - a scroll of torment {unknown}
 d - a scroll of teleportation
 k - 5 scrolls of identify {unknown}


   Skills:
 + Level 3.2 Fighting
 + Level 2.5 Armour
 + Level 1.7 Dodging
 + Level 1.4 Shields
 * Level 5.4 Unarmed Combat
 * Level 1.9 Shapeshifting


You had 5 spell levels left.
You didn't know any spells.
Your spell library contained the following spells:

 Spells                   Type           Power      Damage    Failure   Level
 Volatile Blastmotes      Fire/Tloc      0%         2d10      80%         3
 Fulminant Prism          Conj/Alch      0%         3d5       99%         4
 Iskenderun's Mystic Bla  Conj/Tloc      0%         2d3       99%         4


Dungeon Overview and Level Annotations

Branches:
Dungeon (3/15)

Altars:
Fedhas
Qazlal

Annotations:
D:3 exclusion: oklob plant


Innate Abilities, Weirdness & Mutations

You are a hulking beast.
Your limbs bulge with bestial killing power. (Slay +1)
You are partially covered in large bone plates. (SH +4)
You regenerate health from kills.
A meltable shield of frost defends you. (SH +4)
You have sharp fingernails.
You have a pair of horns on your head.
You are agile. (Dex +4, Str/Int -1)
You expend magic power (3 MP) to strengthen your wands.


Message History

The fungus is lightly damaged.
You scratch the fungus. You headbutt the fungus! You claw the fungus.
The fungus is lightly damaged.
You completely miss the fungus. You headbutt the fungus!
The fungus is moderately damaged.
A nearby fungus withers and dies.
You scratch the oklob plant but do no damage.
You scratch the oklob plant. You headbutt the oklob plant!
The oklob plant is moderately damaged.
You scratch the oklob plant but do no damage.
You headbutt the oklob plant.
The oklob plant is moderately damaged.
You scratch the oklob plant but do no damage.
The oklob plant is moderately damaged.
You scratch the oklob plant.
You claw the oklob plant, but do no damage.
The oklob plant is heavily damaged.
You claw the oklob plant!
The oklob plant is heavily damaged.
You scratch the oklob plant.
The oklob plant is severely damaged.
You scratch the oklob plant but do no damage.
You headbutt the oklob plant, but do no damage.
The oklob plant is severely damaged.
You scratch the oklob plant but do no damage.
The oklob plant is severely damaged.
The oklob plant spits acid at you. The splash of acid hits you!!
You scratch the oklob plant but do no damage.
The oklob plant is severely damaged.
The oklob plant spits acid at you. The splash of acid hits you!
* * * LOW HITPOINT WARNING * * *
You scratch the oklob plant.
The oklob plant is severely damaged.
The oklob plant spits acid at you. The splash of acid hits you!!!
Ouch! That really hurt!
You die...
Xom chortles!

#...##P#P......_.≈≈≈≈...
#...#.P#P.~≈~~...~≈≈~.##
#...#P#...~~≈≈≈~~≈≈~~.PP
#####PP.P..~≈≈≈≈≈≈~~...P
#PPPP...~≈≈≈≈≈~..P#.
#P..P#...~~~~~...PPP
#PP.PP.P.......P.P#P
#P..#.PP#P.#P.PP#PP.


#.Ph..PPPPP.PP#P#P## ###P.##P##PP#.P#PP# #PP..PPP#PPPPPPP.P ##################
You could see an oklob plant.

Vanquished Creatures
  Sigmund (D:2)
  An orc priest (D:3)
  A gnoll bouda (D:2)
  Terence (D:2)
  2 orc wizards (D:3)
  4 gnolls
  3 adders
  3 ribbon worms
  2 dart slugs (D:1)
  2 orcs
  3 bats
  An endoplasm (D:1)
  A giant cockroach (D:2)
  4 goblins
  6 hobgoblins
  3 quokkas (D:3)
  6 ball pythons
  4 frilled lizards
  7 kobolds
  9 rats
64 creatures vanquished.

Notes
Turn   | Place    | Note
-------+----------+-------------------------------------------
     0 | D:1      | PidgeyThePirate the Demonspawn Chaos Knight began the quest
                  | for the Orb.
     0 | D:1      | Reached XP level 1. HP: 18/18 MP: 1/1
    71 | D:1      | Found a faded altar of an unknown god.
   131 | D:1      | Reached skill level 3 in Unarmed Combat
   182 | D:1      | XOM: divination: detect creatures
   186 | D:1      | Gained mutation: A meltable shield of frost defends you.
                  | (SH +4) [demonic ancestry]
   186 | D:1      | Reached XP level 2. HP: 24/24 MP: 2/2
   248 | D:1      | Reached skill level 1 in Dodging
   380 | D:1      | XOM: divination: detect items
   670 | D:1      | XOM: silly message
   806 | D:2      | Noticed Sigmund
   861 | D:1      | Gained mutation: You regenerate a little health from kills.
                  | [demonic ancestry]
   861 | D:1      | Reached XP level 3. HP: 14/29 MP: 3/3
   961 | D:2      | XOM: divination: detect items
   962 | D:2      | XOM: butterfly on damage
   964 | D:2      | XOM: smoke on damage
   968 | D:2      | Killed Sigmund
   969 | D:2      | Reached skill level 4 in Unarmed Combat
   969 | D:2      | Reached skill level 1 in Shapeshifting
   969 | D:2      | Gained mutation: You regenerate health from kills. [demonic
                  | ancestry]
   969 | D:2      | Reached XP level 4. HP: 35/35 MP: 4/4
   969 | D:2      | Reached XP level 5. HP: 41/41 MP: 5/5
  1081 | D:2      | Found a stormy altar of Qazlal.
  1222 | D:2      | XOM: 10-stop teleportation journey
  1408 | D:2      | Noticed Terence
  1424 | D:2      | HP: 2/41 [Terence/+0 trident (4)]
  1685 | D:2      | XOM: 3-stop teleportation journey
  1733 | D:2      | Killed Terence
  1734 | D:2      | Reached skill level 1 in Shields
  1785 | D:2      | XOM: god gift: scroll labelled MUATOHE FARA {god gift}
  1893 | D:2      | XOM: give mutations
  1893 | D:2      | Gained mutation: You are weak. (Str -2) [Xom's mischief]
  1893 | D:2      | Gained mutation: You are agile. (Dex +4, Str/Int -1) [Xom's
                  | mischief]
  1893 | D:2      | Gained mutation: You have a pair of small horns on your
                  | head. [Xom's mischief]
  1893 | D:2      | Lost mutation: You are weak. (Str -2) [Xom's mischief]
  2273 | D:2      | XOM: give mutations
  2273 | D:2      | Gained mutation: You expend magic power (3 MP) to
                  | strengthen your wands. [Xom's grace]
  2273 | D:2      | Gained mutation: You have a pair of horns on your head.
                  | [Xom's grace]
  2273 | D:2      | Gained mutation: You have sharp fingernails. [Xom's grace]
  2322 | D:2      | XOM: silly message
  2416 | D:3      | XOM: noise
  2437 | D:3      | XOM: cast spell 'Iskenderun's Battlesphere'
  2441 | D:3      | HP: 1/41 [gnoll/+0 club[a gnoll bouda] (2)]
  2608 | D:2      | Gained mutation: You are partially covered in large bone
                  | plates. (SH +4) [demonic ancestry]
  2608 | D:2      | Reached XP level 6. HP: 19/47 MP: 6/6
  2612 | D:2      | Reached skill level 5 in Unarmed Combat
  3030 | D:3      | Found a blossoming altar of Fedhas.
  3030 | D:3      | XOM: 6-stop teleportation journey
  3042 | D:3      | XOM: potion effect (haste)
  3048 | D:3      | XOM: potion effect (might)
  3050 | D:3      | XOM: cast spell 'Iskenderun's Battlesphere'
  3054 | D:3      | HP: 2/47 [orc wizard/+0 dagger (1)]
  3574 | D:3      | Noticed an oklob plant
  3596 | D:3      | Killed from afar by an oklob plant

Illustrated notes

Levels and vault maps discovered:
D:1:      dpeg_arrival_pond, layout_basic, shapermc_ecumenical_altar_flowoftime
D:2:      layout_basic, basic_altar, uniq_sigmund, uniq_terence
D:3:      layout_basic, tgw_fedhas

Skill      XL: |  1  2  3  4  5  6 |
---------------+-------------------+-----
Unarmed Combat | 3 4 5 |  5.4
Dodging        | 1 |  1.7
Armour         | 2 |  2.5
Shapeshifting  | 1 |  1.9
Shields        | 1 |  1.4
Fighting       | |  3.2

Action                     |  1- 3 |  4- 6 || total
---------------------------+-------+-------++-------
  Melee: Unarmed           |   105 |   184 ||   289
         Punch             |     1 |     7 ||     8
         Headbutt          |       |    27 ||    27
    Use: Potion            |     4 |     1 ||     5
         Scroll            |       |     8 ||     8
 Armour: Leather armour    |    54 |   106 ||   160
         Skin              |     8 |       ||     8
  Dodge: Dodged            |    57 |   103 ||   160
  Block: Other             |     8 |    31 ||    39
   Form: Beast             |     1 |       ||     1

Table legend: (Time is in decaauts)
 A = Elapsed time spent in this place.
 B = Non-inter-level travel time spent in this place.
 C = Inter-level travel time spent in this place.
 D = Time resting spent in this place.
 E = Time spent auto-exploring this place.
 F = Levels seen in this place.
 G = Mean time per level.
                   A        B        C        D        E       F      G
               +--------+--------+--------+--------+--------+-----+--------+
         Total |   3558 |   3498 |     60 |      0 |   2685 |   3 | 1186.0 |
       Dungeon |   3558 |   3498 |     60 |      0 |   2685 |   3 | 1186.0 |
               +--------+--------+--------+--------+--------+-----+--------+

Top non-repeatable levels by time:
     D:2: 1763 daAuts
     D:1: 928 daAuts
     D:3: 867 daAuts
